 Dungeon Crawl Stone Soup version 0.28-a0-983-g1de4e0787c (webtiles) character file.

Game seed: 9196953783284611907

237 Decritt the Gusty (level 6, -14/35 HPs)
             Began as a Tengu Air Elementalist on Dec 3, 2021.
             Demolished by Duvessa (16 damage)
             ... on level 4 of the Dungeon.
             The game lasted 00:08:47 (4751 turns).

Decritt the Gusty (Tengu Air Elementalist)          Turns: 4751, Time: 00:08:48

Health: -14/35     AC:  8    Str:  8    XL:     6   Next: 6%
Magic:  2/11       EV: 16    Int: 17    God:
Gold:   142        SH:  0    Dex: 18    Spells: 2/10 levels left

rFire   . . .      SeeInvis .   l - +3 dagger (venom)
rCold   . . .      Faith    .   (no shield)
rNeg    . . .      Spirit   .   k - +1 robe {Will+}
rPois   .          Reflect  .   (helmet restricted)
rElec   .          Harm     .   (no cloak)
rCorr   .          Rampage  .   a - +0 pair of gloves {Dex+3}
Will    +....                   (boots unavailable)
Stlth   ++........              (no amulet)
HPRegen 0.11/turn               f - +4 ring of protection
MPRegen 0.12/turn               (no ring)

@: flying quickly and evasively, quick
A: beak, talons 3, nimble flight
a: no special abilities


You were on level 4 of the Dungeon.
You visited 1 branch of the dungeon, and saw 4 of its levels.

You collected 142 gold pieces.

Inventory:

Hand Weapons
 e - a +0 whip
 l - a +3 dagger of venom (weapon)
Armour
 a - a +0 pair of gloves of dexterity (worn)
 i - +0 acid dragon scales
 k - a +1 robe of willpower (worn)
Jewellery
 f - a +4 ring of protection (left hand)
Wands
 h - a wand of polymorph (13)
Scrolls
 d - 2 scrolls of fog {unknown}
 g - a scroll of summoning {unknown}
Potions
 b - 3 potions of heal wounds
 c - 3 potions of curing
 m - a potion of magic


   Skills:
 + Level 2.0 Fighting
 + Level 2.0 Armour
 + Level 3.2 Dodging
 - Level 2.0 Stealth
 + Level 2.7 Spellcasting
 - Level 3.0 Conjurations
 * Level 5.7 Air Magic


You had 2 spell levels left.
You knew the following spells:

 Your Spells              Type           Power      Damage    Failure   Level
a - Shock                 Conj/Air       68%        1d7       3%          1
b - Airstrike             Air            10%        N/A       17%         4
c - Swiftness             Air            21%        N/A       4%          3

Your spell library contained the following spells:

 Spells                   Type           Power      Damage    Failure   Level
 Static Discharge         Conj/Air       17%        N/A       4%          2
 Ensorcelled Hibernation  Hex/Ice        4%         N/A       26%         2
 Tukima's Dance           Hex            2%         N/A       47%         3


Dungeon Overview and Level Annotations

Branches:
Dungeon (4/15)
 Temple: D:4-7

Altars:

Annotations:
D:4 Dowan, Duvessa


Innate Abilities, Weirdness & Mutations

You have a beak for a mouth.
You have claws for feet.
Your magical nature lets you fly swiftly and evasively.


Message History

The zap hits Duvessa.
Duvessa is moderately wounded.
The zap hits Dowan.
Dowan is severely wounded.
Dowan casts a spell at Duvessa.
Duvessa seems to speed up.
The zap hits Duvessa.
Duvessa is heavily wounded.
The zap misses Dowan.
Duvessa hits you with a +7 rapier of holy wrath!
* * * LOW HITPOINT WARNING * * *
Aiming: Shock (safe; 3% risk of failure)
Press: ? - help, Q - select action, (/) - cycle Shift-Dir - straight line, f/p - Duvessa
Aim: Duvessa, wielding a +7 rapier of holy wrath and wearing a +3 leather armour of fire resistance (heavily wounded, fast, 75% to hit)
The zap hits Duvessa.
Duvessa is severely wounded.
The zap hits Dowan.
Dowan is almost dead.
Dowan hits you but does no damage.
Duvessa hits you with a +7 rapier of holy wrath!
* * * LOW HITPOINT WARNING * * *
Dowan completely misses you.
You're already flying!
Dowan misses you.
Duvessa says, "My weaknesses are his strengths!"
Duvessa says, "When magic and the sword combine, nothing stands against them."
Dowan hits you from afar with a +0 trident.
* * * LOW HITPOINT WARNING * * *
You feel much better. Dowan misses you.
Duvessa hits you with a +7 rapier of holy wrath.
* * * LOW HITPOINT WARNING * * *
Dowan says, "Magic and the sword, together, will defeat you."
Dowan barely misses you. Dowan casts a spell at you.
The puff of frost hits you.
* * * LOW HITPOINT WARNING * * *
Duvessa hits you with a +7 rapier of holy wrath!
* * * LOW HITPOINT WARNING * * *
Duvessa hits you with a +7 rapier of holy wrath!
You die...

#.......#..##...##....#
#.......#.............#
#.......#####.........+ ##.
########....#.........# ....
#......#....###'##(...# ..$
#####.....#.........######..#
....#'#####..............#.#
.................e.......'.#
................@..e.....#.#
[..............#####.....#
...............# #.....####
....############ #........#
....# #.)......# ## ....#
#.......##≈≈## ....#
#........≈≈≈≈≈ [...####
###### #.......##≈≈##
..<.#...##....##
#........####.


You could see Duvessa (fast) and Dowan.

Vanquished Creatures
  A hound (D:4)
  A bullfrog skeleton (D:4)
  2 orc wizards (D:3)
  A mummy (D:3)
  3 adders
  2 worms
  2 dart slugs (D:2)
  11 orcs
  5 ball pythons
  5 bats
  2 endoplasms
  2 giant cockroaches
  4 goblins
  8 hobgoblins
  4 quokkas
  2 frilled lizards
  2 hobgoblin zombies (D:4)
  5 kobolds
  A kobold zombie (D:4)
  An orc zombie (D:4)
  2 rats
66 creatures vanquished.

Vanquished Creatures (others)
  A plant (D:2)
1 creature vanquished.

Grand Total: 67 creatures vanquished

Notes
Turn   | Place    | Note
-------+----------+-------------------------------------------
     0 | D:1      | Decritt the Tengu Air Elementalist began the quest for the
                  | Orb.
     0 | D:1      | Reached XP level 1. HP: 10/10 MP: 4/4
     0 | D:1      | Noticed a vampire
     1 | D:1      | Noticed a demigod
     3 | D:1      | Noticed a vampire
     3 | D:1      | Noticed a tengu
     5 | D:1      | Noticed a vampire
    10 | D:1      | Noticed a vine stalker
    14 | D:1      | Noticed a ghoul
    16 | D:1      | Noticed a draconian
    16 | D:1      | Noticed a merfolk
    18 | D:1      | Noticed an octopode
    18 | D:1      | Noticed a spriggan
    20 | D:1      | Noticed a human
    22 | D:1      | Noticed a draconian
   228 | D:1      | Reached XP level 2. HP: 10/16 MP: 1/6
  1286 | D:2      | Reached XP level 3. HP: 20/20 MP: 2/7
  1367 | D:2      | Reached skill level 1 in Fighting
  2198 | D:3      | Reached skill level 1 in Armour
  2198 | D:3      | Reached XP level 4. HP: 16/25 MP: 4/8
  2275 | D:3      | Reached skill level 5 in Air Magic
  2867 | D:3      | Gained mutation: Your magical nature lets you fly swiftly
                  | and evasively. [Tengu growth]
  2867 | D:3      | Reached XP level 5. HP: 29/29 MP: 7/9
  3225 | D:4      | Identified a scroll of acquirement
  3225 | D:4      | Acquired a +0 pair of gloves of dexterity
  3489 | D:4      | Noticed Duvessa
  3489 | D:4      | Noticed Dowan
  4310 | D:3      | Reached XP level 6. HP: 34/35 MP: 11/11
  4421 | D:3      | Learned a level 4 spell: Airstrike
  4425 | D:3      | Learned a level 3 spell: Swiftness
  4751 | D:4      | Demolished by Duvessa

Illustrated notes

Levels and vault maps discovered:
D:1:      shiori_arrival_whats_in_store_for_you, layout_loops_ring, st_stairs_1
D:2:      layout_rooms, grunt_ministairs_11, minmay_strange_pillars,
          chequers_big_river
D:3:      layout_loops_ring, skrybe_limestone_x
D:4:      layout_gridville, temple_hall_moat, gup_sewer_entry_bubbles,
          minmay_mini_ossuary, uniq_duvessa

Skill      XL: |  1  2  3  4  5 |
---------------+----------------+-----
Fighting       | 1 2 |  2.0
Conjurations   | 2 3 |  3.0
Armour         | 1 2 |  2.0
Air Magic      | 5 |  5.7
Dodging        | 3 |  3.2
Stealth        | |  2.0
Spellcasting   | |  2.7

Action                   |  1- 3 |  4- 6 || total
-------------------------+-------+-------++-------
Melee: Unarmed           |    12 |       ||    12
       Kick              |     6 |    13 ||    19
       Peck              |     2 |     8 ||    10
       Whip              |    18 |     6 ||    24
       Dagger            |       |    46 ||    46
 Cast: Shock             |    66 |    65 ||   131
  Use: Scroll            |       |     7 ||     7
       Potion            |       |     1 ||     1
Armor: Robe              |     9 |    30 ||    39
Dodge: Dodged            |    15 |    70 ||    85

Table legend: (Time is in decaauts)
 A = Elapsed time spent in this place.
 B = Non-inter-level travel time spent in this place.
 C = Inter-level travel time spent in this place.
 D = Time resting spent in this place.
 E = Time spent auto-exploring this place.
 F = Levels seen in this place.
 G = Mean time per level.
                   A        B        C        D        E       F      G
               +--------+--------+--------+--------+--------+-----+--------+
         Total |   4714 |   4669 |     45 |   1393 |   2667 |   4 | 1178.5 |
       Dungeon |   4714 |   4669 |     45 |   1393 |   2667 |   4 | 1178.5 |
               +--------+--------+--------+--------+--------+-----+--------+

Top non-repeatable levels by time:
     D:3: 1715 daAuts
     D:2: 1289 daAuts
     D:1: 1043 daAuts
     D:4: 667 daAuts
